 Dungeon Crawl Stone Soup version 0.22-a0-247-gbddf880 (webtiles) character file.

11 sankara the Skirmisher (level 2, 22/24 HPs)
             Began as a Demonspawn Fighter on Feb 26, 2018.
             Got out of the dungeon alive.
             The game lasted 00:01:13 (286 turns).

sankara the Skirmisher (Demonspawn Fighter)          Turns: 286, Time: 00:01:14

Health: 22/24      AC:  6    Str: 16    XL:     2   Next: 13%
Magic:  2/2        EV:  6    Int:  9    God:
Gold:   17         SH:  8    Dex: 12    Spells: 1/1 levels left

rFire    . . .     SeeInvis .   a - +0 flail
rCold    . . .     Gourm    .   c - +0 shield
rNeg     . . .     Faith    .   b - +0 scale mail
rPois    .         Spirit   .   (no helmet)
rElec    .         Reflect  .   (no cloak)
rCorr    .         Harm     .   (no gloves)
MR       .....                  (no boots)
Stlth    ..........             (no amulet)
HPRegen  0.08/turn              (no ring)
MPRegen  0.08/turn              (no ring)

@: no status effects
A: claws 1
a: no special abilities


You escaped.
You were not hungry.

You visited 1 branch of the dungeon, and saw 1 of its levels.

You collected 17 gold pieces.

Inventory:

Hand Weapons
 a - a +0 flail (weapon)
 j - a +0 hunting sling
   (You found it on level 1 of the Dungeon)
Missiles
 e - 5 curare-tipped needles
 i - 23 stones (quivered)
Armour
 b - a +0 scale mail (worn)
 c - a +0 shield (worn)
Potions
 d - a potion of might
 g - a potion of agility {unknown}
Comestibles
 f - 2 rations
 h - 4 chunks of flesh {@w0}


   Skills:
 - Level 3.0 Fighting
 + Level 2.6 Maces & Flails
 - Level 2.6 Armour
 - Level 2.6 Shields


You had one spell level left.
You didn't know any spells.

Dungeon Overview and Level Annotations

Branches:
Dungeon (1/15)

Altars:


Innate Abilities, Weirdness & Mutations

You have sharp fingernails.


Message History

Found a stone staircase leading down.
A jackal comes into view.
The jackal bites you but does no damage.
You hit the jackal.
The jackal is moderately wounded.
The jackal bites you. You block the jackal's attack.
You miss the jackal.
The jackal is moderately wounded.
The jackal barely misses you.
You sock the jackal!
You kill the jackal!
No target in view!
There is a stone staircase leading down here.
f - 2 rations (gained 1)
A rat comes into view.
A rat is nearby!
You see here 17 gold pieces.
You block the rat's attack.
You hit the rat.
You kill the rat!
No target in view!
No target in view!
A goblin comes into view. It is wielding a club.
The goblin shouts!
You see here a rat corpse.
You butcher the rat corpse.
You block the goblin's attack.
You see here a chunk of flesh {@w0}.
You see here 17 gold pieces.
You completely miss the goblin. The goblin barely misses you.
You block the goblin's attack.
You miss the goblin. You block the goblin's attack.
You closely miss the goblin. The goblin hits you with a club.
You closely miss the goblin. You block the goblin's attack.
You sock the goblin!
You kill the goblin!
Things that are here:
a club; a goblin corpse
h - 2 chunks of flesh {@w0} (gained 1)
Things that are here:
a club; a goblin corpse You now have 17 gold pieces.
Things that are here:
a club; a goblin corpse
Things that are here:
a club; a goblin corpse HP restored.
A rat comes into view.
You hit the rat.
You kill the rat!
No target in view!
No target in view!
You see here a rat corpse.
You butcher the rat corpse.
h - 3 chunks of flesh {@w0} (gained 1)
A bat comes into view.
You block the bat's attack.
You sock the bat!
You kill the bat!
You have reached level 2!
Your demonic ancestry asserts itself...
Your fingernails lengthen.
A bat comes into view.
The bat hits you but does no damage. x2
You barely miss the bat. The bat hits you.
You sock the bat!
You kill the bat!
No target in view!
No target in view!
No target in view!
Things that are here:
a bat corpse x2
You butcher the bat corpse.
h - 4 chunks of flesh {@w0} (gained 1)
You see here a bat corpse.
A goblin comes into view. It is wielding a dagger.
The goblin shouts!
You closely miss the goblin. The goblin hits you with a dagger.
You block the goblin's attack.
You closely miss the goblin. You block the goblin's attack.
You hit the goblin but do no damage. The goblin hits you but does no damage.
You closely miss the goblin. The goblin hits you with a dagger.
The goblin hits you but does no damage.
You hit the goblin.
The goblin is moderately wounded.
The goblin hits you but does no damage.
Your shield and scale mail prevent you from hitting the goblin.
The goblin is moderately wounded.
You block the goblin's attack.
You closely miss the goblin.
The goblin is moderately wounded.
The goblin hits you but does no damage.
You sock the goblin!
You kill the goblin!
No target in view!
No target in view!
You enter the shallow water.
Moving in this stuff is going to be slow.
There is a staircase leading out of the dungeon here.
Are you sure you want to leave the Dungeon?
This will make you lose the game!
You have escaped!

##...########## #########
##...####≈##...# ######....#
#..###..≈≈.###)###.#.#.†#######
#.##...≈≈.....≈.....#..###.#...
#.#..≈≈≈≈≈.≈.≈≈≈≈≈.##....#..#.#
###.#.≈≈≈≈≈.≈≈≈.≈≈≈≈≈...≈.##....#
....##.≈≈≈.≈≈≈≈≈.≈≈≈.≈≈≈..#.....#
###.###...≈≈≈≈≈≈≈.≈≈≈≈≈≈.##.##..#
#...##..≈≈≈≈≈.@.≈≈≈≈≈.##.###..#
#....##≈≈≈≈≈≈≈≈≈≈≈≈≈≈≈..##.#..#
#...##..≈≈≈≈≈≈.≈≈≈≈≈≈..#..##..#
#.#..###.≈≈≈≈≈≈.≈≈.≈≈...####...
###.##..#....≈≈≈≈≈.≈≈...####.# #
....###...≈≈....≈≈.##≈.#.)...#
###.#.##.....#######......#..#
......#..##### ####..##.##
###^###### #######


There were no monsters in sight!

Vanquished Creatures
  3 bats (D:1)
  A giant cockroach (D:1)
  2 goblins (D:1)
  A jackal (D:1)
  A frilled lizard (D:1)
  2 rats (D:1)
10 creatures vanquished.

Notes
Turn   | Place    | Note
-------+----------+-------------------------------------------
     0 | D:1      | sankara the Demonspawn Fighter began the quest for the Orb.
     0 | D:1      | Reached XP level 1. HP: 18/18 MP: 1/1
    60 | D:1      | Reached skill level 2 in Maces & Flails
   256 | D:1      | Gained mutation: You have sharp fingernails. [demonic ancestry]
   256 | D:1      | Reached XP level 2. HP: 24/24 MP: 2/2
   286 | D:$      | Got out of the dungeon alive.

Vault maps used:
D:1:      dpeg_arrival_subterranean_lakeside_camping, minmay_misc_feat_rows,
          st_stairs_7

Skill      XL: |  1 |
---------------+----+-----
Maces & Flails | 2 |  2.6
Fighting       | |  3.0
Armour         | |  2.6
Shields        | |  2.6

Action                   || total
-------------------------++-------
Melee: Flail             ||    30
Armor: Scale mail        ||     9
Dodge: Dodged            ||     7
Block: Shield            ||    13

Table legend:
 A = Spawn XP
 B = Non-spawn XP
 C = Spawn XP percentage of total XP
 D = Spawn monster count
 E = Non-spawn monster count
 F = Spawn count percentage of total count
 G = Total turns spent on level
                    A         B        C        D         E        F      G
               +---------+---------+-------+---------+---------+-------+---------
         Total |       0 |      16 |   0.0 |       0 |      10 |   0.0 |   286
               +---------+---------+-------+---------+---------+-------+---------
           D:1 |       0 |      16 |   0.0 |       0 |      10 |   0.0 |   286
               +---------+---------+-------+---------+---------+-------+---------

Vault maps used:
D:1:      dpeg_arrival_subterranean_lakeside_camping, minmay_misc_feat_rows,
          st_stairs_7

Table legend:
 A = Turns spent in this place as a percentage of turns spent in the entire game.
 B = Non-inter-level travel turns spent in this place as a percentage of non-inter-level travel turns spent in the entire game.
 C = Inter-level travel turns spent in this place as a percentage of turns spent in this place.
 D = Turns resting spent in this place as a percentage of non-inter-level travel turns spent in this place.
 E = Turns spent auto-exploring this place as a percentage of non-inter-level travel turns spent in this place.
 F = Non-inter-level travel turns spent in this place divided by the number of levels of this place that you've seen.
                   A       B       C       D       E      F
               +-------+-------+-------+-------+-------+----------------------
         Total | 100.0 | 100.0 |   3.8 |   0.0 |  70.2 | 275.0
       Dungeon | 100.0 | 100.0 |   3.8 |   0.0 |  70.2 | 275.0
               +-------+-------+-------+-------+-------+----------------------

Table legend:
 A = Kills in this place as a percentage of kills in entire the game.
 B = Kills by you in this place as a percentage of kills by you in the entire game.
 C = Kills by friends in this place as a percentage of kills by friends in the entire game.
 D = Other kills in this place as a percentage of other kills in the entire game.
 E = Experience gained in this place as a percentage of experience gained in the entire game.
 F = Experience gained in this place divided by the number of levels of this place that you have seen.
                   A       B       C       D       E      F
               +-------+-------+-------+-------+-------+----------------------
         Total | 100.0 | 100.0 |   N/A |   N/A | 100.0 |  16.0
       Dungeon | 100.0 | 100.0 |   N/A |   N/A | 100.0 |  16.0
               +-------+-------+-------+-------+-------+----------------------
